 Dungeon Sprint DCSS version 0.21.1-1-g345015fe64 (webtiles) character file.

800000 Jannitor the Unseen (level 12, -6/107 HPs)
             Began as a Formicid Air Elementalist on June 28, 2018.
             Was an Initiate of Makhleb.
             Mangled by a meat berserker
             ... wielding a +9 battleaxe
              (74 damage)
             ... in the Dungeon (Sprint VIII: "Arena of Blood").
             The game lasted 00:00:27 (8 turns).

Jannitor the Unseen (Formicid Air Elementalist)        Turns: 8, Time: 00:00:28

Health: -6/107     AC:  2    Str: 13    XL:     12   Next: 28%
Magic:  15/15      EV: 21    Int: 16    God:    Makhleb [......]
Gold:   0          SH:  0    Dex: 15    Spells: 14/15 levels left

rFire    . . .     SeeInvis +   j - +∞ Axe of Woe
rCold    . . .     Gourm    .   (no shield)
rNeg     . . .     Faith    .   a - +0 robe
rPois    .         Spirit   .   (helmet unavailable)
rElec    .         Reflect  .   (no cloak)
rCorr    .         Harm     .   (no gloves)
MR       +....                  (no boots)
Stlth    ++++++....             (no amulet)
HPRegen  0.27/turn              (no ring)
MPRegen  0.14/turn              (no ring)

@: no status effects
A: permanent stasis, dig shafts and tunnels, four strong arms, antennae 3
a: Dig, Renounce Religion


You were in the Dungeon.
You worshipped Makhleb.
Makhleb was noncommittal.
You were not hungry.

You visited 1 branch

Inventory:

Hand Weapons
 j - the +∞ Axe of Woe (weapon)
   (You found it in the Dungeon)
Armour
 a - a +0 robe (worn)
Scrolls
 i - a scroll of blinking
Potions
 d - a potion of curing
 e - a potion of heal wounds
 f - a potion of haste
 g - 2 potions of magic
 h - a potion of berserk rage
Books
 b - a book of Air

   Spells                             Type                      Level
   a - Shock                          Conjuration/Air              1
   b - Swiftness                      Charms/Air                   2
   c - Static Discharge               Conjuration/Air              3
   d - Airstrike                      Air                          4
   e - Lightning Bolt                 Conjuration/Air              5
Comestibles
 c - a ration


   Skills:
 + Level 14.2 Fighting
 + Level 13.2 Axes
 + Level 12.3 Dodging
 + Level 16.6 Stealth
 - Level 2.1 Spellcasting
 - Level 0.8 Conjurations
 + Level 11.6 Air Magic


You had 14 spell levels left.
You knew the following spells:

 Your Spells              Type           Power        Failure   Level  Hunger
a - Shock                 Conj/Air       ###.         1%          1    #......


Dungeon Overview and Level Annotations

Branches:
Dungeon (1/1)

Altars:
Makhleb


Innate Abilities, Weirdness & Mutations

You cannot be hasted, slowed, berserked, paralysed or teleported.
You can dig through walls and to a lower floor.
Your four strong arms can wield two-handed weapons with a shield.
You have a pair of large antennae on your head. (SInv)


Message History

You feel stronger.
You have reached level 9!
Your experience leads to an increase in your attributes!
Increase (S)trength, (I)ntelligence, or (D)exterity?
You feel agile.
You have reached level 10!
You have reached level 11!
You have reached level 12!
Your experience leads to an increase in your attributes!
Increase (S)trength, (I)ntelligence, or (D)exterity?
You feel agile.
You feel clever.
You hear a shout!
The meat berserker rages.
You hear a shout! x4
The bag of meat hits you with a +9 war axe!!!
The meat berserker rages.
You hear a shout! x2
The meat berserker hits you with a +9 battleaxe!!!!
Ouch! That really hurt!
You die...

........o ......
#.......# ...o.. {
#.......# ......
.###.. ....###......
......###...........
......_....oo......
#.....#.oO....#.
#_.<._..@.......
#.....#oOO...#.#
......_............
......###.........#.
.###.. ...o###......
{#.......# ...... {
#......o# ......
......... ......


You could see 3 meat berserkers and 7 bags of meat.

Vanquished Creatures
  An orc (D)
1 creature vanquished.

Notes
Turn   | Place    | Note
-------+----------+-------------------------------------------
     0 | D        | Found the +∞ Axe of Woe
     0 | D        | Jannitor the Formicid Air Elementalist began the quest for the Orb.
     0 | D        | Reached XP level 1. HP: 13/13 MP: 3/3
     3 | D        | Noticed a bag of meat
     3 | D        | Noticed a bag of meat
     3 | D        | Noticed a bag of meat
     4 | D        | Became a worshipper of Makhleb the Destroyer
     5 | D        | Noticed a bag of meat
     5 | D        | Noticed a bag of meat
     6 | D        | Noticed a meat berserker
     6 | D        | Noticed a meat berserker
     7 | D        | Noticed a meat berserker
     8 | D        | Noticed a bag of meat
     8 | D        | Killed a bag of meat
     8 | D        | Reached skill level 16 in Stealth
     8 | D        | Reached XP level 2. HP: 42/42 MP: 5/5
     8 | D        | Reached XP level 3. HP: 48/48 MP: 6/6
     8 | D        | Reached XP level 4. HP: 55/55 MP: 7/7
     8 | D        | Reached XP level 5. HP: 61/61 MP: 8/8
     8 | D        | Reached XP level 6. HP: 68/68 MP: 9/9
     8 | D        | Reached XP level 7. HP: 74/74 MP: 10/10
     8 | D        | Reached XP level 8. HP: 81/81 MP: 11/11
     8 | D        | Reached XP level 9. HP: 87/87 MP: 12/12
     8 | D        | Reached XP level 10. HP: 94/94 MP: 13/13
     8 | D        | Reached XP level 11. HP: 100/100 MP: 14/14
     8 | D        | Reached XP level 12. HP: 107/107 MP: 15/15
     8 | D        | Mangled by a meat berserker

Skill      XL: |  1 |
---------------+----+-----
Fighting       | 14 | 14.2
Axes           | 13 | 13.2
Dodging        | 12 | 12.3
Stealth        | 16 | 16.6
Air Magic      | 11 | 11.6
Spellcasting   | |  2.1
Conjurations   | |  0.8

Action                   |  1- 3 |  4- 6 |  7- 9 | 10-12 || total
-------------------------+-------+-------+-------+-------++-------
Melee: Executioner's axe |     1 |       |       |       ||     1
 Abil: Dig               |     1 |       |       |       ||     1
